Map: Persephone LE

Players

mangoeater - Winner!

  • Race: Protoss Protoss
  • League: Diamond
  • Spawn Location: 7:00

IlIlIlIlIlII

  • Race: Terran Terran
  • League: Diamond
  • Spawn Location: 11:00

VOD

Have the link to the VOD?

Description

Time

  • Played on: July 27, 2025, 1:58 p.m.
  • Length: 15:05
Show
View Real Time Build Order
Export as new Build Order

mangoeater Protoss - Winner!

Build Orders: Carriers, Dark Templar Rush 

Get SALT Encoding   

  12  0:00  Probe  
  13  0:12  Probe  
  14  0:26  Probe  
  14  0:27  Pylon  
  15  0:45  Probe  
  15  0:48  Gateway  
  16  0:54  Assimilator  
  16  0:55  Probe  
  16  0:58  Assimilator  
  16  1:03  Pylon, Probe  
  18  1:11  Probe  
  19  1:20  Probe  
  20  1:28  Probe  
  21  1:38  Probe  
  21  1:41  Cybernetics Core, Forge  
  22  1:47  Pylon  
  22  1:50  Probe  
  23  2:02  Probe  
  23  2:05  Stalker  
  24  2:14  Probe  
  25  2:19  Warp Gate  
  27  2:24  Twilight Council  
  27  2:35  Probe  
  27  2:47  Probe  
  28  3:06  Dark Shrine  
  28  3:07  Protoss Ground Weapons Level 1  
  28  3:15  Probe  
  29  3:28  Probe  
  29  3:33  Dark Shrine  
  30  3:39  Nexus  
  30  3:42  Pylon  
  30  3:47  Pylon  
  30  3:50  Gateway  
  30  3:53  Gateway  
  30  3:59  Pylon  
  30  4:05  Gateway  
  30  4:08  Probe  
  31  4:20  Probe  
  32  4:35  Probe  
  33  4:42  Nexus  
  33  4:47  Probe  
  33  4:50  Protoss Shields Level 1  
  34  4:57  Probe  
  34  4:59  Probe  
  36  5:03  Dark Templar x4  
  42  5:11  Probe  
  42  5:13  Probe  
  44  5:21  Pylon  
  44  5:23  Assimilator  
  44  5:24  Probe  
  44  5:25  Probe  
  46  5:31  Charge  
  46  5:38  Probe x2  
  48  5:51  Probe x2  
  48  5:56  Probe  
  51  6:08  Probe  
  52  6:17  Pylon  
  52  6:18  Probe  
  53  6:19  Pylon  
  53  6:20  Probe  
  53  6:21  Zealot x3  
  53  6:22  Zealot  
  53  6:24  Assimilator  
  62  6:25  Assimilator  
  62  6:27  Pylon  
  62  6:29  Probe  
  62  6:30  Photon Cannon  
  63  6:33  Probe, Shield Battery  
  63  6:36  Probe  
  63  6:37  Probe  
  65  6:41  Protoss Shields Level 2, Photon Cannon  
  65  6:44  Shield Battery  
  65  6:45  Probe  
  65  6:46  Probe  
  67  6:48  Probe  
  69  6:57  Probe  
  69  7:00  Probe  
  71  7:03  Probe  
  71  7:04  Photon Cannon  
  71  7:06  Shield Battery  
  72  7:09  Probe  
  72  7:11  Probe, Assimilator  
  72  7:12  Probe  
  72  7:13  Photon Cannon  
  75  7:15  Shield Battery  
  75  7:17  Zealot  
  75  7:18  Zealot x3  
  75  7:21  Probe  
  84  7:24  Probe  
  84  7:25  Pylon, Probe  
  86  7:33  Probe  
  86  7:35  Pylon  
  86  7:36  Probe  
  88  7:38  Pylon  
  88  7:45  Probe  
  88  7:48  Probe  
  88  7:50  Dark Templar x2  
  88  7:51  Dark Templar, Zealot  
  98  7:59  Stargate  
  98  8:01  Robotics Facility  
  98  8:05  Protoss Air Weapons Level 1, Photon Cannon  
  98  8:09  Photon Cannon  
  98  8:12  Shield Battery  
  98  8:14  Pylon  
  98  8:20  Nexus  
  98  8:25  Pylon  
  98  8:27  Pylon, Probe  
  98  8:28  Probe  
  98  8:29  Assimilator  
  98  8:33  Archon x2, Assimilator  
  100  8:34  Archon  
  100  8:40  Pylon  
  100  8:43  Probe x2  
  100  8:45  Pylon  
  100  8:46  Protoss Shields Level 3  
  100  8:48  Observer  
  103  8:49  Pylon  
  103  8:52  Fleet Beacon  
  103  8:54  Robotics Bay  
  103  8:55  Probe x2  
  104  8:58  Stargate  
  104  9:00  Stargate  
  105  9:03  Stargate  
  105  9:06  Cybernetics Core  
  105  9:11  Probe x2  
  105  9:13  Stargate  
  105  9:14  Stargate  
  107  9:23  Probe x2  
  109  9:25  Dark Templar  
  109  9:26  Zealot x2  
  109  9:27  Zealot  
  117  9:38  Probe x3  
  120  9:48  Photon Cannon  
  120  9:50  Protoss Air Weapons Level 2, Protoss Air Armor Level 1  
  120  9:51  Photon Cannon  
  120  9:54  Carrier, Photon Cannon x2  
  126  10:00  Shield Battery  
  126  10:01  Shield Battery  
  126  10:04  Shield Battery  
  126  10:05  Carrier  
  132  10:08  Pylon  
  132  10:17  Probe x2  
  132  10:18  Probe  
  132  10:21  Carrier  
  141  10:28  Photon Cannon  
  141  10:33  Photon Cannon  
  141  10:34  Photon Cannon  
  141  10:36  Carrier  
  141  10:37  Shield Battery  
  141  10:38  Carrier  
  149  10:45  Probe x2  
  149  10:46  Probe  
  152  10:56  Nexus  
  152  10:57  Pylon  
  152  11:00  Pylon  
  152  11:02  Assimilator  
  152  11:05  Carrier  
  152  11:06  Assimilator, Archon  
  152  11:07  Carrier  
  164  11:13  Protoss Ground Weapons Level 2  
  164  11:22  Photon Cannon  
  164  11:24  Photon Cannon  
  164  11:25  Photon Cannon  
  164  11:26  Pylon, Photon Cannon  
  164  11:30  Shield Battery  
  164  11:31  Shield Battery  
  164  11:35  Protoss Air Armor Level 2  
  164  11:42  Carrier  
  170  11:51  Carrier  
  176  12:00  Carrier  
  182  12:09  Gravitic Boosters  
  182  12:12  Protoss Air Weapons Level 3  
  182  12:34  Carrier x2  
  194  12:40  Carrier  
  189  13:07  Observer  
  172  13:16  Carrier x2  
  172  13:17  Carrier  
  178  13:38  Carrier  
  196  13:58  Dark Templar x2  
  196  13:59  Dark Templar  
  196  14:50  Pylon  
  196  14:58  Stargate x2  
  196  15:00  Nexus  
  196  15:03  Assimilator x2  
Show
View Real Time Build Order
Export as new Build Order

IlIlIlIlIlII Terran 

Build Orders:  

Get SALT Encoding   

  12  0:00  SCV  
  13  0:15  Supply Depot  
  13  0:18  SCV  
  14  0:32  SCV  
  15  0:41  Barracks  
  15  0:44  SCV  
  16  0:52  Refinery  
  16  0:57  Refinery  
  16  0:59  SCV  
  17  1:17  Engineering Bay  
  17  1:27  Orbital Command  
  17  1:33  Reaper  
  18  1:52  Factory  
  18  1:57  SCV  
  19  2:04  Supply Depot  
  19  2:09  Barracks Reactor  
  19  2:13  SCV  
  20  2:25  SCV  
  21  2:37  SCV  
  21  2:38  Factory Tech Lab  
  22  2:47  Marine  
  22  2:48  Marine  
  24  2:56  Command Center  
  24  2:58  Engineering Bay  
  24  3:05  SCV, Widow Mine  
  27  3:16  Marine x2  
  28  3:35  Siege Tank  
  31  3:44  Missile Turret  
  31  3:56  Bunker  
  31  4:07  Marine x2, SCV  
  31  4:08  Orbital Command  
  34  4:13  Siege Tank  
  37  4:19  SCV  
  38  4:31  SCV  
  38  4:37  Marine  
  38  4:38  Marine  
  41  4:41  SCV  
  41  4:44  SCV  
  43  4:54  SCV  
  43  4:58  Siege Tank  
  46  5:08  Marine x2, Terran Infantry Weapons Level 1, SCV  
  49  5:15  Missile Turret  
  49  5:16  SCV  
  50  5:22  Barracks  
  50  5:23  Barracks  
  50  5:24  Barracks  
  50  5:25  Marine  
  50  5:26  Barracks  
  50  5:27  SCV  
  52  5:29  Marine, SCV  
  42  5:45  Missile Turret  
  41  6:03  SCV  
  38  6:12  Missile Turret  
  38  6:16  Bunker  
  38  6:18  Missile Turret  
  38  6:23  Supply Depot  
  38  6:29  Barracks Tech Lab  
  38  6:31  Barracks Tech Lab  
  38  6:35  Orbital Command  
  38  6:39  SCV  
  38  6:45  Siege Tank  
  41  6:51  SCV  
  41  6:53  Marine x2  
  44  7:04  Stimpack  
  44  7:09  Combat Shield  
  44  7:14  SCV  
  45  7:17  Siege Tank  
  48  7:23  SCV  
  48  7:26  SCV  
  50  7:34  Marine  
  50  7:35  SCV  
  50  7:36  Missile Turret  
  52  7:37  Missile Turret  
  52  7:39  SCV  
  52  7:43  Armory  
  53  7:48  Terran Infantry Armor Level 1  
  53  8:07  SCV  
  53  8:12  Bunker  
  54  8:17  Supply Depot, SCV  
  54  8:18  Widow Mine  
  54  8:19  Missile Turret  
  57  8:20  Barracks Reactor x2  
  57  8:26  SCV  
  58  8:30  SCV  
  59  8:34  Starport  
  59  8:35  Drilling Claws  
  59  8:38  SCV  
  59  8:39  Barracks Reactor  
  59  8:40  Refinery  
  60  8:44  Refinery  
  60  8:49  Concussive Shells  
  60  8:54  SCV x2  
  62  8:56  Terran Vehicle And Ship Armor Level 1  
  62  9:06  SCV x2  
  62  9:08  Supply Depot  
  64  9:14  Supply Depot  
  64  9:16  Supply Depot  
  64  9:18  Widow Mine  
  66  9:25  Medivac  
  66  9:27  Medivac  
  66  9:31  SCV x2  
  72  9:37  Supply Depot  
  72  9:43  SCV  
  72  9:45  Widow Mine  
  74  9:50  Marine x4  
  74  9:51  Factory  
  78  9:54  Supply Depot  
  78  9:58  Terran Infantry Weapons Level 2  
  78  10:11  Widow Mine  
  78  10:13  Medivac x2  
  84  10:15  SCV  
  84  10:19  Supply Depot  
  85  10:23  Missile Turret  
  85  10:24  Missile Turret, SCV  
  85  10:27  SCV  
  87  10:29  Missile Turret  
  87  10:32  Missile Turret  
  87  10:35  Widow Mine  
  87  10:53  Marine x6  
  87  10:54  Terran Vehicle And Ship Armor Level 2  
  87  10:56  Medivac  
  95  10:59  Medivac  
  95  11:03  Factory Reactor  
  95  11:13  Marauder x2  
  95  11:15  Missile Turret  
  99  11:20  Widow Mine  
  101  11:26  Supply Depot, Medivac  
  103  11:34  Marauder  
  105  11:42  Orbital Command  
  105  11:44  Widow Mine x3  
  105  11:45  Marine x7  
  118  11:52  Supply Depot  
  118  11:55  Marine  
  118  11:56  Bunker  
  119  12:03  Refinery, Command Center, Marine x2  
  119  12:05  Widow Mine  
  123  12:10  Refinery  
  123  12:13  SCV x2  
  123  12:15  Marine x2  
  126  12:20  Widow Mine x2  
  131  12:25  SCV  
  131  12:29  Widow Mine  
  134  12:47  Supply Depot  
  134  12:48  Supply Depot  
  134  12:57  Marine  
  134  13:02  Marine  
  134  13:06  Marine  
  134  13:07  Marine  
  134  13:08  Medivac x2  
  134  13:09  Widow Mine  
  129  13:24  Marine  
  129  13:25  Marine  
  115  13:42  Marine x2  
  101  14:00  Marine x2  
  85  14:17  Marine  
  85  14:18  Marine  
  76  14:35  Marine  
  76  14:36  Marine  
Tags
 
Add a new tag
Caveats
  • Supply blocks, unpowered buildings, or Contaminate may cause inaccurate times.
  • Supply counts are checked every 10 seconds.